 Dungeon Crawl Stone Soup version 0.13-a0-2641-gc68e7bd (console) character file.

61 5ubbak the Vexing (level 2, 0/17 HPs)
             Began as an Octopode Enchanter on Aug 7, 2013.
             Succumbed to an adder's poison
             ... on Level 2 of the Dungeon.
             The game lasted 00:01:56 (665 turns).

5ubbak the Vexing (Octopode Enchanter)               Turns: 665, Time: 00:01:57

HP   0/17        AC  1     Str  7      XL: 2   Next: 70%
MP   1/4         EV 12     Int 22      God:
Gold 43          SH  0     Dex 12      Spells:  2 memorised,  0 levels left

Res.Fire  : . . .   See Invis. : .   a - +1 dagger {=f}
Res.Cold  : . . .   Warding    : .   (no shield)
Life Prot.: . . .   Conserve   : .   (helmet restricted)
Res.Poison: .       Res.Corr.  : .   (no amulet)
Res.Elec. : .       Clarity    : .   (no ring)
Sust.Abil.: . .     Spirit.Shd : .   (no ring)
Res.Mut.  : .       Stasis     : .   (no ring)
Res.Rott. : .       Flight     : .   (no ring)
Saprovore : . . .                    (no ring)
                                     (no ring)
                                     (no ring)
                                     (no ring)

@: brilliant, mildly poisoned, not resistant to hostile enchantments, quite
stealthy
A: almost no armour, amphibious, 8 rings, constrict 8, camouflage 1, AC +1
a: no special abilities


You were on level 2 of the Dungeon.
You were not hungry.

You visited 1 branch of the dungeon, and saw 2 of its levels.

You collected 23 gold pieces.

Inventory:

Hand weapons
 a - a +1,+1 dagger (weapon) {=f}
Missiles
 d - 12 darts (quivered)
Comestibles
 f - a bread ration
 h - an apple
 i - a meat ration
 j - a chunk of giant newt flesh
 k - 2 rotting chunks of goblin flesh
 l - a choko
 m - a chunk of giant gecko flesh
Scrolls
 e - 3 scrolls of identify {unknown}
 g - a scroll of recharging {unknown}
Jewellery
 b - an uncursed amulet of the gourmand {unknown}
Books
 c - a book of Maledictions

   Spells                             Type                      Level
   *Corona                            Hexes                        1
   Sure Blade                         Hexes/Charms                 2
   *Ensorcelled Hibernation           Hexes/Ice                    2
   Confuse                            Hexes                        3
   Enslavement                        Hexes                        4
   Invisibility                       Hexes                        6


   Skills:
 + Level 1.1 Short Blades
 - Level 1.0 Throwing
 * Level 2.2 Dodging
 + Level 2.8 Stealth
 + Level 1.0 Spellcasting
 * Level 3.7 Hexes


You couldn't memorise any spells.
You knew the following spells:

 Your Spells              Type           Power        Failure   Level  Hunger
a - Corona                Hex            ####...      1%          1    ##.....
b - Ensorcelled Hibernat  Hex/Ice        ###...       1%          2    ###....


Dungeon Overview and Level Annotations

Branches:
Dungeon (2/27)

Altars:
Zin


Innate Abilities, Weirdness & Mutations

You cannot wear most types of armour.
You are amphibious.
You can wear up to eight rings at the same time.
You can use your tentacles to constrict many enemies at once.
Your skin changes colour to match your surroundings (Stlth).
Your rubbery body absorbs attacks (AC +1).


Message History

The adder poisons you! The adder closely misses you.
You hit the adder.
You kill the adder!
* * * LOW HITPOINT WARNING * * *
You feel sick.
You feel a little better.
Drink which item? (? for menu, Esc to quit)
Okay, then.
* * * LOW HITPOINT WARNING * * *
You feel sick.
Drink which item? (? for menu, Esc to quit)
You feel more clever all of a sudden.
It was a potion of brilliance.
* * * LOW HITPOINT WARNING * * *
You feel sick.
You feel a little better.
You smell something rotten. (slot k)
* * * LOW HITPOINT WARNING * * *
You feel sick.
You die...

.........#########
.##...............
....%..............
######.#...####... #
###.#...########### #
..................... #
###.#.####...#########
##.###.#...##...##......##
................@)........
##.###.#...###.###......##
# #.#.## .._. ..##### ...
...#.#. .... ........
..... ## ##. ###### #


There were no monsters in sight!

Vanquished Creatures
  An adder (D:2)
  2 giant geckos
  A bat (D:1)
  A giant newt (D:2)
  3 goblins
8 creatures vanquished.

Notes
Turn   | Place    | Note
--------------------------------------------------------------
     0 | D:1      | 5ubbak, the Octopode Enchanter, began the quest for the Orb.
     0 | D:1      | Reached XP level 1. HP: 11/11 MP: 3/3
   621 | D:2      | Reached XP level 2. HP: 17/17 MP: 4/4
   631 | D:2      | Learned a level 2 spell: Ensorcelled Hibernation
   641 | D:2      | Found a glowing silver altar of Zin.
   665 | D:2      | Succumbed to an adder's poison

Action                   || total
-------------------------++-------
Melee: Dagger            ||    17
 Cast: Corona            ||     4
       Ensorcelled Hiber ||     2
  Use: Potion            ||     1
 Stab: Sleeping          ||     3
